 Dungeon Crawl Stone Soup version 0.31-a0-237-g2d982f9f85 (webtiles) character file.

Game seed: 10525373548881688978

265 qw the Shooter (level 6, -6/37 HPs)
             Began as a Gargoyle Hexslinger on July 11, 2023.
             Mangled by a gnoll
             ... wielding a +0 halberd
             ... led by a gnoll bouda
              (10 damage)
             ... on level 4 of the Dungeon.
             The game lasted 00:01:16 (2487 turns).

qw the Shooter (Gargoyle Hexslinger)                Turns: 2487, Time: 00:01:16

Health: -6/37      AC: 14    Str: 11    XL:     6   Next: 20%
Magic:  7/7        EV: 10    Int: 14    God:
Gold:   245        SH:  0    Dex: 14    Spells: 6/7 levels left

rFire   . . .        Y - +2 sling
rCold   . . .        (no shield)
rNeg    + . .        a - +0 ring mail
rPois   inf          (no helmet)
rElec   +            b - +0 cloak
rCorr   +            d - +0 pair of gloves
SInv    .            h - +2 pair of boots
Will    .....        g - amulet of regeneration
Stlth   +            e - ring of resist corrosion
HPRegen 1.06/turn    (no ring)
MPRegen 0.10/turn

%: no passive effects
@: about to teleport, weakened
A: sickness immunity, AC +4, negative energy resistance 1, electricity
resistance, torment resistance 1, petrification resistance
a: no special abilities


You were on level 4 of the Dungeon.
You visited 1 branch of the dungeon, and saw 4 of its levels.

You collected 245 gold pieces.


Innate Abilities, Weirdness & Mutations

You are immune to sickness and miasma.
Your stone body is resilient. (AC +4)
You are immune to poison.
You resist negative energy. (rN+)
You are resistant to electric shocks. (rElec)
You are resistant to unholy torment.
You are immune to petrification.


   Skills:
 - Level 3.5 Fighting
 + Level 5.3 Ranged Weapons
 - Level 1.0 Armour
 - Level 1.5 Dodging
 - Level 1.0 Spellcasting
 - Level 2.6 Hexes


You had 6 spell levels left.
You knew the following spells:

 Your Spells              Type           Power      Damage    Failure   Level
a - Slow                  Hex            32%        N/A       21%         1

Your spell library contained the following spells:

 Spells                   Type           Power      Damage    Failure   Level
 Inner Flame              Hex/Fire       4%         N/A       71%         3
 Portal Projectile        Hex/Tloc       8%         N/A       71%         3
 Cause Fear               Hex            4%         N/A       90%         4

Inventory:

Hand Weapons
 Y - a +2 sling (weapon)
Armour
 a - a +0 ring mail (worn)
 b - a +0 cloak (worn)
 d - a +0 pair of gloves (worn)
 h - a +2 pair of boots (worn)
Jewellery
 e - a ring of resist corrosion (left hand)
 g - an amulet of regeneration (around neck)
 k - a ring of magical power
Scrolls
 j - a scroll of identify
Potions
 f - 3 potions of enlightenment {unknown}
 i - a potion of mutation {unknown}

Dungeon Overview and Level Annotations

Branches:
Dungeon (4/15)
 Temple: D:4-7

Altars:
Cheibriados
Uskayaw


Message History

The sling bullet hits the gnoll bouda but does no damage.
The gnoll bouda is heavily wounded.
The gnoll hits you from afar with a +0 halberd.
The gnoll bouda hits you with a +0 club.
The gnoll closely misses you.
You shoot a sling bullet. The sling bullet hits the gnoll bouda.
The gnoll bouda is heavily wounded.
The gnoll barely misses you. The gnoll bouda barely misses you.
The gnoll barely misses you.
You shoot a sling bullet.
The sling bullet closely misses the gnoll bouda.
The gnoll barely misses you.
The gnoll bouda prays to its god.
The gnoll bouda is healed somewhat.
The gnoll barely misses you. The gnoll hits you but does no damage.
The gnoll bouda closely misses you. The gnoll hits you with a +0 club.
You shoot a sling bullet.
The sling bullet barely misses the gnoll bouda.
The gnoll hits you from afar with a +0 halberd!
The gnoll bouda hits you with a +0 club.
The gnoll hits you but does no damage.
You shoot a sling bullet. The sling bullet hits the gnoll bouda.
The gnoll bouda is heavily wounded.
The gnoll closely misses you.
The gnoll bouda utters an invocation to its god.
The gnoll bouda is healed somewhat.
The gnoll hits you but does no damage.
You shoot a sling bullet.
The sling bullet hits the gnoll bouda but does no damage.
The gnoll bouda is moderately wounded.
The gnoll hits you from afar with a +0 halberd!
The gnoll bouda gazes fiercely through you!
You feel your attacks grow feeble.
The gnoll bouda hits you with a +0 club.
The gnoll hits you but does no damage. x2; The gnoll bouda barely misses you.
2487 ||| READING scroll of teleportation.
As you read the scroll of teleportation, it crumbles to dust.
You feel strangely unstable.
The gnoll is no longer moving quickly.
The gnoll hits you with a +0 club.
The gnoll hits you from afar with a +0 halberd!
You die...

....# ....# #...#
....# #...# ....#
###...# ....#
#.'...+ #####
#.#...#
######.#.g.#
########...##.#)..#
..............#g@g#
[.............#...#
..................#
.............)#####
....#'#######.#
....#.#######.#
....#.#.......#
....#.#.......#
....#.#.......#


You could see a gnoll bouda and 2 gnolls.

Vanquished Creatures
  A phantom (D:4)
  A hound (D:4)
  An orc priest (D:3)
  A gnoll (D:4)
  4 adders
  2 worms
  2 dart slugs
  2 orcs (D:3)
  6 endoplasms
  5 giant cockroaches
  9 goblins
  6 hobgoblins
  6 jackals (D:3)
  5 kobolds
  2 quokkas
  5 ball pythons
  5 bats
  3 frilled lizards
  6 rats
72 creatures vanquished.

Notes
Turn   | Place    | Note
-------+----------+-------------------------------------------
     0 | D:1      | qw the Gargoyle Hexslinger began the quest for the Orb.
     0 | D:1      | Reached XP level 1. HP: 12/12 MP: 2/2
     0 | D:1      | 0 ||| qw: Version: 0.3-a-52-g30416fa
     0 | D:1      | 0 ||| qw: Game counter: 5680
     0 | D:1      | 0 ||| qw: Melee chars always use a shield: true
     0 | D:1      | 0 ||| qw: God list: Okawaru
     0 | D:1      | 0 ||| qw: Allow faded altars: false
     0 | D:1      | 0 ||| qw: Do Orc after clearing Dungeon:15 true
     0 | D:1      | 0 ||| qw: Do second Lair branch before Depths: true
     0 | D:1      | 0 ||| qw: Lair rune preference: random
     0 | D:1      | 0 ||| qw: Goals: Normal
     0 | D:1      | 0 ||| PLANNING D:1-11
    58 | D:1      | Reached XP level 2. HP: 9/16 MP: 3/3
   153 | D:1      | Reached skill level 3 in Ranged Weapons
   301 | D:1      | Reached XP level 3. HP: 21/21 MP: 4/4
   572 | D:1      | 572 ||| UPGRADING to ring of resist corrosion.
   573 | D:1      | 573 ||| READING scroll labelled SANIYM WOZXOAST.
   577 | D:1      | 577 ||| DRINKING 2 silvery potions.
   682 | D:1      | 682 ||| DROPPING scroll of poison.
   683 | D:1      | 683 ||| DROPPING potion of berserk rage.
   806 | D:2      | Found a faded altar of an unknown god.
  1395 | D:2      | Reached skill level 4 in Ranged Weapons
  1395 | D:2      | Reached XP level 4. HP: 26/26 MP: 5/5
  1451 | D:2      | 1451 ||| UPGRADING to +0 ring mail.
  1461 | D:2      | 1461 ||| DROPPING +0 robe.
  1462 | D:2      | 1462 ||| UPGRADING to +0 pair of gloves.
  1467 | D:2      | 1467 ||| UPGRADING to amulet of regeneration.
  1472 | D:2      | 1472 ||| READING scroll labelled POICLI UGHACW.
  1473 | D:2      | 1473 ||| READING scroll labelled IZOFEPNEOTAS.
  1536 | D:3      | Reached skill level 1 in Armour
  1547 | D:3      | 1547 ||| FLEEEEING.
  1548 | D:3      | 1548 ||| FLEEEEING.
  1584 | D:3      | Found a hide-covered altar of Uskayaw.
  1715 | D:3      | Reached XP level 5. HP: 28/30 MP: 6/6
  1953 | D:3      | 1953 ||| UPGRADING to +2 pair of boots.
  1958 | D:3      | 1958 ||| READING scroll labelled GAHUNO ZIB HOI.
  1964 | D:3      | 1964 ||| READING scroll labelled ODDUPROIKH.
  2014 | D:4      | Reached skill level 5 in Ranged Weapons
  2147 | D:4      | Noticed a phantom
  2165 | D:4      | Killed a phantom
  2166 | D:4      | Reached skill level 3 in Fighting
  2166 | D:4      | Reached XP level 6. HP: 37/37 MP: 7/7
  2188 | D:4      | Found a snail-covered altar of Cheibriados.
  2189 | D:4      | 2189 ||| UPGRADING to +0 cloak.
  2194 | D:4      | 2194 ||| READING scroll labelled LARHYBEZOE.
  2486 | D:4      | HP: 4/37 [gnoll bouda/+0 club (6)]
  2487 | D:4      | 2487 ||| READING scroll of teleportation.
  2487 | D:4      | Mangled by a gnoll

Levels and vault maps discovered:
D:1:      scummos_arrival_simple_fountains, layout_rooms
D:2:      layout_basic, serial_corexii_hall, corexii_hall_statues_u,
          chequers_hall_statues_wall_a, chequers_ecumenical_altar_simple
D:3:      layout_rooms, nicolae_uskayaw_dance_hall
D:4:      layout_basic, cheibrodos_worm_habitat, minmay_rat_hole

Skill      XL: |  1  2  3  4  5 |
---------------+----------------+-----
Ranged Weapons | 3 4 5 |  5.3
Fighting       | 2 3 |  3.5
Armour         | 1 |  1.0
Dodging        | |  1.5
Spellcasting   | |  1.0
Hexes          | |  2.6

Action                     |  1- 3 |  4- 6 || total
---------------------------+-------+-------++-------
   Fire: Sling             |   157 |   164 ||   321
    Use: Scroll            |     1 |     6 ||     7
         Potion            |     1 |       ||     1
 Armour: Robe              |    18 |       ||    18
         Ring mail         |       |    76 ||    76
  Dodge: Dodged            |    60 |    75 ||   135

Table legend:
 A = Non-vault XP
 B = Vault XP
 C = Vault XP percentage of total XP
 D = Non-vault monster count
 E = Vault monster count
 F = Vault count percentage of total count
                 A         B        C        D         E       F
            +---------+---------+-------+---------+---------+-------
      Total |     374 |       5 |   1.3 |      71 |       1 |   1.4
            +---------+---------+-------+---------+---------+-------
        D:1 |      46 |       0 |   0.0 |      26 |       0 |   0.0
        D:2 |      49 |       0 |   0.0 |      16 |       0 |   0.0
        D:3 |      99 |       0 |   0.0 |      23 |       0 |   0.0
        D:4 |     180 |       5 |   2.7 |       6 |       1 |  14.3
            +---------+---------+-------+---------+---------+-------
